 Dungeon Crawl Stone Soup version 0.28.0-45-g0d030f2227 (webtiles) character file.

Game seed: 8787266640292917420

29537 pkoi the Martial Artist (level 12, -7/96 HPs)
             Began as a Demigod Gladiator on Apr 7, 2022.
             Mangled by an eight-headed hydra (12 damage)
             ... on level 4 of the Lair of Beasts on Apr 8, 2022.
             The game lasted 00:47:15 (25324 turns).

pkoi the Martial Artist (Demigod Gladiator)        Turns: 25324, Time: 00:47:15

Health: -7/96      AC: 18    Str: 19    XL:     12   Next: 84%
Magic:  17/24      EV: 13    Int: 18    God:
Gold:   155        SH:  0    Dex: 19    Spells: 8/22 levels left

rFire   + . .      SeeInvis .     - Unarmed
rCold   + . .      Faith    .   (no shield)
rNeg    + . .      Spirit   .   J - +2 robe {rN+}
rPois   .          Reflect  .   r - +1 helmet
rElec   .          Harm     .   y - scarf {rC+ rF+}
rCorr   .          Rampage  .   i - +1 pair of gloves
Will    +....                   z - +1 pair of boots {Stlth+}
Stlth   +++.......              s - amulet of regeneration
HPRegen 1.06/turn               q - +4 ring of protection
MPRegen 0.19/turn               E - +4 ring of protection

@: hasted, very quick
A: high MP 1, forlorn, divine attributes
a: no special abilities


You were on level 4 of the Lair of Beasts.
You visited 3 branches of the dungeon, and saw 16 of its levels.

You collected 995 gold pieces.
You spent 840 gold pieces at shops.

Inventory:

Hand Weapons
 a - a +1 dagger of venom
Missiles
 c - 3 throwing nets
 h - 8 javelins
 o - 36 poisoned darts (quivered)
 w - 2 boomerangs
Armour
 i - a +1 pair of gloves (worn)
 m - a +2 ring mail of positive energy
 r - a +1 helmet (worn)
 y - a scarf of resistance (worn)
 z - a +1 pair of boots of stealth (worn)
 J - a +2 robe of positive energy (worn)
Jewellery
 g - an amulet of the acrobat
 q - a +4 ring of protection (left hand)
 s - an amulet of regeneration (around neck)
 x - a ring of fire
 E - a +4 ring of protection (right hand)
 L - a +6 ring of intelligence
Wands
 e - a wand of flame (16)
 f - a wand of polymorph (6)
 M - a wand of paralysis (3)
Scrolls
 l - 2 scrolls of amnesia
 n - 2 scrolls of blinking
 t - 4 scrolls of teleportation
 A - 2 scrolls of enchant armour
 D - a scroll of identify
Potions
 d - 3 potions of attraction
 j - 3 potions of curing
 k - 2 potions of mutation
 p - a potion of heal wounds
 u - 3 potions of resistance
 v - a potion of haste
 C - a potion of flight
 H - a potion of cancellation
 K - a potion of might
Miscellaneous
 B - a condenser vane (inert)


   Skills:
 - Level 6.0 Fighting
 - Level 1.7 Throwing
 - Level 3.2 Armour
 - Level 3.0 Dodging
 - Level 2.0 Stealth
 + Level 13.6 Unarmed Combat
 + Level 5.5 Spellcasting
 + Level 5.3 Conjurations
 - Level 5.0 Transmutations
 - Level 6.0 Fire Magic
 - Level 3.3 Air Magic
 - Level 6.0 Poison Magic
 - Level 4.0 Evocations


You had 8 spell levels left.
You knew the following spells:

 Your Spells              Type           Power      Damage    Failure   Level
a - Magic Dart            Conj           96%        1d7       1%          1
b - Poisonous Vapours     Pois/Air       42%        N/A       2%          2
c - Ignite Poison         Fire/Tmut/Pois 25%        N/A       3%          3
d - Sticky Flame          Conj/Fire      25%        2d5       12%         4
e - Olgreb's Toxic Radia  Pois           26%        N/A       11%         4

Your spell library contained the following spells:

 Spells                   Type           Power      Damage    Failure   Level
 Foxfire                  Conj/Fire      100%       2x1d9     1%          1
 Searing Ray              Conj           48%        2d6       2%          2
 Wereblood                Tmut           23%        N/A       2%          2
 Conjure Flame            Conj/Fire      25%        6-21      3%          3
 Mephitic Cloud           Conj/Pois/Air  22%        N/A       4%          3
 Corpse Rot               Necr/Air       20%        N/A       10%         2
 Inner Flame              Hex/Fire       15%        N/A       11%         3
 Flame Wave               Conj/Fire      25%        2d7       12%         4
 Animate Skeleton         Necr           10%        N/A       13%         1
 Pain                     Necr           20%        1d5       13%         1
 Call Imp                 Summ           5%         N/A       19%         2
 Sublimation of Blood     Necr           5%         N/A       19%         2
 Fireball                 Conj/Fire      12%        3d7       32%         5
 Vampiric Draining        Necr           5%         2d6       36%         3
 Fulminant Prism          Conj/Hex       7%         3d7       38%         4
 Starburst                Conj/Fire      12%        6d5       88%         6
 Summon Forest            Summ/Tloc      2%         N/A       98%         5
 Summon Mana Viper        Hex/Summ       5%         N/A       98%         5
 Dispersal                Tloc           2%         N/A       100%        6
 Summon Cactus Giant      Summ           2%         N/A       100%        6
 Ozocubu's Refrigeration  Ice            2%         4d5       100%        7
 Summon Hydra             Summ           2%         N/A       100%        7
 Disjunction              Tloc           2%         N/A       100%        8
 Ignition                 Fire           13%        3d6       100%        8


Dungeon Overview and Level Annotations

Branches:
Dungeon (11/15)            Temple (1/1) D:5            Lair (4/6) D:11
  Swamp (0/4) Lair:2       Spider (0/4) Lair:3          Orc (0/2) D:9

Shops:
D:4 :   D:9 (


Innate Abilities, Weirdness & Mutations

You have an increased reservoir of magic. (+10% MP)
You shall have no god before yourself.
Your divine heritage dramatically boosts your attributes as you level up.


Message History

The eight-headed hydra is covered in liquid flames!
The eight-headed hydra burns!
The eight-headed hydra misses you.
The eight-headed hydra bites you but does no damage.
The eight-headed hydra bites you.
* * * LOW HITPOINT WARNING * * *
The eight-headed hydra bites you!
* * * LOW HITPOINT WARNING * * *
The eight-headed hydra completely misses you.
The eight-headed hydra closely misses you.
The eight-headed hydra bites you!
* * * LOW HITPOINT WARNING * * *
The eight-headed hydra bites you.
* * * LOW HITPOINT WARNING * * *
Unknown command.
Unknown command.
Unknown command.
You hit the eight-headed hydra.
The eight-headed hydra is lightly wounded.
The eight-headed hydra burns!
The eight-headed hydra completely misses you.
The eight-headed hydra bites you but does no damage. x4
The eight-headed hydra bites you!
* * * LOW HITPOINT WARNING * * *
The eight-headed hydra bites you but does no damage.
The eight-headed hydra bites you.
* * * LOW HITPOINT WARNING * * *
Unknown command.
Unknown command.
Unknown command.
Unknown command.
You feel yourself speed up.
The eight-headed hydra burns!
The eight-headed hydra barely misses you.
The eight-headed hydra closely misses you.
The eight-headed hydra bites you!
* * * LOW HITPOINT WARNING * * *
The eight-headed hydra bites you.
* * * LOW HITPOINT WARNING * * *
The eight-headed hydra closely misses you.
The eight-headed hydra bites you!
You die...

#................
##...............
##...............
#...########.....
##.## #.....
#...#### #......
##D###... ##.....
###..##...##......
#@#.###....##.....
##D.# #.....+.....
#..###..##.#.....
##..##...##......
##.#.#..###......
#...........>....
##...............
##...............
#.....P..........


You could see an eight-headed hydra (burning).

Vanquished Creatures
  2 hydras (Lair:3)
  An ogre mage (D:10)
  Urug (Lair:2)
  A lindwurm (Lair:4)
  Pikel (D:8)
  8 elephants
  3 centaur zombies (D:10)
  Joseph (D:7)
  8 cane toads
  2 rime drakes
  8 komodo dragons
  A polar bear (Lair:4)
  A hornet (Lair:3)
  9 dream sheep
  A slime creature (D:7)
  A jumping spider (Lair:3)
  A shadow (D:10)
  3 culicivoras (Lair:3)
  2 wyverns
  A wraith (D:10)
  38 yaks
  3 basilisks
  A steam dragon (D:7)
  2 redbacks (Lair:3)
  3 acid dragons
  14 water moccasins
  2 hornet zombies (D:7)
  7 orc warriors
  A swamp drake (D:9)
  2 sky beasts
  2 ogres
  5 black bears
  3 necrophages
  7 centaurs
  7 wolves
  3 lemures (D:8)
  2 kobold brigands
  12 bullfrogs
  4 scorpions
  4 howler monkeys
  An electric eel (D:6)
  2 jellies
  A bullfrog zombie (D:6)
  7 orc priests
  3 hounds
  A bullfrog skeleton (D:7)
  2 centaur skeletons
  2 gnoll shamans (D:7)
  2 iguanas (D:5)
  10 orc wizards
  10 hell rats
  A killer bee zombie (D:9)
  A howler monkey zombie (D:7)
  11 gnolls (D:4)
  9 adders
  A white imp (D:5)
  2 ufetubi
  6 worms
  4 dart slugs
  46 orcs
  9 endoplasms
  A giant cockroach (D:3)
  37 goblins
  28 hobgoblins
  7 jackals
  4 quokkas
  5 ball pythons
  7 bats
  A frilled lizard (D:1)
  18 kobolds
  8 rats
425 creatures vanquished.

Vanquished Creatures (others)
  33 fungi
  31 plants
64 creatures vanquished.

Grand Total: 489 creatures vanquished

Notes
Turn   | Place    | Note
-------+----------+-------------------------------------------
     0 | D:1      | pkoi the Demigod Gladiator began the quest for the Orb.
     0 | D:1      | Reached XP level 1. HP: 17/17 MP: 3/3
   136 | D:1      | Reached skill level 3 in Unarmed Combat
   166 | D:1      | Reached XP level 2. HP: 20/24 MP: 4/4
   507 | D:1      | Reached skill level 1 in Stealth
  1249 | D:1      | Reached XP level 3. HP: 29/29 MP: 5/5
  2388 | D:2      | Reached skill level 4 in Unarmed Combat
  3153 | D:2      | Reached XP level 4. HP: 35/36 MP: 6/6
  4349 | D:3      | Reached skill level 5 in Unarmed Combat
  4349 | D:3      | Reached XP level 5. HP: 40/41 MP: 7/7
  5633 | D:4      | Found Xoyluras's Book Shop.
  5906 | D:4      | Noticed a necrophage
  5930 | D:4      | Killed a necrophage
  5931 | D:4      | Reached XP level 6. HP: 42/50 MP: 8/8
  6252 | D:4      | Reached skill level 6 in Unarmed Combat
  7934 | D:5      | Entered Level 5 of the Dungeon
  8137 | D:5      | Reached XP level 7. HP: 37/57 MP: 9/9
  8565 | D:5      | Reached skill level 7 in Unarmed Combat
  8881 | D:5      | Reached skill level 8 in Unarmed Combat
  9388 | D:5      | Found a staircase to the Ecumenical Temple.
  9397 | Temple   | Entered the Ecumenical Temple
  9963 | D:6      | Reached skill level 1 in Armour
  9963 | D:6      | Reached skill level 1 in Evocations
  9963 | D:6      | Reached XP level 8. HP: 60/63 MP: 10/10
  9997 | D:6      | Reached skill level 9 in Unarmed Combat
 10949 | D:7      | Noticed Joseph
 11288 | D:7      | Killed Joseph
 11429 | D:7      | Reached skill level 10 in Unarmed Combat
 11465 | D:7      | Reached XP level 9. HP: 70/70 MP: 11/11
 11943 | D:7      | Reached skill level 11 in Unarmed Combat
 12404 | D:8      | Reached skill level 5 in Fighting
 12710 | D:8      | Noticed Pikel
 12722 | D:8      | Killed Pikel
 12723 | D:8      | Reached XP level 10. HP: 82/82 MP: 13/13
 12784 | D:8      | Learned a level 2 spell: Poisonous Vapours
 13185 | D:9      | Reached skill level 12 in Unarmed Combat
 13224 | D:9      | Found Qutheef's Weapon Shop.
 13437 | D:9      | Reached skill level 1 in Air Magic
 13506 | D:9      | Reached skill level 1 in Spellcasting
 13506 | D:9      | Reached skill level 1 in Poison Magic
 13697 | D:9      | Found a staircase to the Orcish Mines.
 14149 | D:10     | Entered Level 10 of the Dungeon
 14553 | D:10     | HP: 1/83 [orc priest/divine providence (14)]
 15084 | D:10     | Noticed an ogre mage
 15093 | D:10     | Killed an ogre mage
 15517 | D:10     | Reached XP level 11. HP: 85/89 MP: 18/18
 15777 | D:4      | Bought an Everburning Encyclopedia for 312 gold pieces
 15781 | D:4      | Learned a level 3 spell: Ignite Poison
 15786 | D:4      | Learned a level 4 spell: Sticky Flame
 15944 | D:11     | Found a staircase to the Lair.
 16102 | Lair:1   | Entered Level 1 of the Lair of Beasts
 16277 | Lair:1   | Learned a level 1 spell: Magic Dart
 16564 | D:11     | Reached skill level 1 in Transmutations
 16564 | D:11     | Reached skill level 1 in Fire Magic
 16830 | D:11     | Reached skill level 1 in Conjurations
 17194 | Lair:1   | Reached skill level 13 in Unarmed Combat
 18764 | Lair:2   | Found a staircase to the Swamp.
 19000 | Lair:2   | Noticed Urug
 19011 | Lair:2   | Killed Urug
 19682 | Lair:1   | Reached XP level 12. HP: 37/96 MP: 17/21
 19798 | Lair:1   | Reached skill level 5 in Transmutations
 19798 | Lair:1   | Reached skill level 5 in Fire Magic
 19798 | Lair:1   | Reached skill level 5 in Poison Magic
 21108 | Lair:3   | Noticed a seven-headed hydra
 21769 | Lair:3   | Noticed a six-headed hydra
 21782 | Lair:3   | Killed a six-headed hydra
 22150 | Lair:3   | Killed a seven-headed hydra
 22181 | Lair:3   | Found a hole to the Spider Nest.
 23523 | D:4      | Bought the Unrestrained Analects for 528 gold pieces
 23528 | D:4      | Learned a level 4 spell: Olgreb's Toxic Radiance
 23668 | D:7      | Reached skill level 5 in Spellcasting
 24310 | Lair:4   | Noticed an eight-headed hydra
 24803 | Lair:4   | Reached skill level 5 in Conjurations
 25324 | Lair:4   | Mangled by an eight-headed hydra

Illustrated notes

Levels and vault maps discovered:
D:1:      dpeg_arrival_stonehenge_12_columns, layout_basic,
          basic_ecumenical_altar, minmay_tromino_v4_c
D:2:      layout_loops_ring, basic_altar, st_stairs_14,
          kennysheep_generic_room_4
D:3:      layout_basic, ashenzari_altar_1, hangedman_decor_diamond_cutter,
          chequers_jeans, minmay_close_crescents
D:4:      minmay_goblin_kobold_castle, layout_loops_ring, serial_shops,
          nicolae_diamond_shop, small_statue_intersection,
          kennysheep_generic_room_2
D:5:      layout_rooms, temple_green, dk_rats_in_the_wall
D:6:      cheibrodos_helix_gallery, layout_loops_ring, minivault_5,
          kennysheep_generic_room_10
D:7:      kennysheep_windowed_halls, layout_rooms, mainiacjoe_overflow_alcove_1,
          mainiacjoe_overflow_concentric_impassable, uniq_joseph
D:8:      layout_basic, mainiacjoe_overflow_six_doors_small, uniq_pikel
D:9:      layout_loops_ring, mainiacjoe_overflow_cross_hatched,
          old_standard_altar, erik_orc_1, serial_shops, shop
D:10:     minmay_recursive_quarters, layout_rooms, nicolae_wu_jian_wuxing_cycle,
          slow_altar_1
D:11:     layout_irregular_city, lair_entry_dummy, nicolae_wooded_promenade
Temple:   minmay_temple_curvy_branch
Lair:1:   layout_hall_layers, minivault_26, hangedman_lair_generics_rect
Lair:2:   layout_cave_pods, swamp_mist, grunt_megastairs_3, lemuel_fruit_fields,
          infiniplex_staircase_pool_2, uniq_urug
Lair:3:   layout_cave_pods, nicolae_spider_entry_tight_spaces
Lair:4:   nzn_winding_woodlands_three_and_one
          [nzn_winding_woodlands_5x15_default,
          nzn_winding_woodlands_5x15_river_crossing,
          nzn_winding_woodlands_5x15_crooked,
          nzn_winding_woodlands_center_garden], layout_regular_city, st_stairs_9

Skill      XL: |  1  2  3  4  5  6  7  8  9 10 11 12 |
---------------+-------------------------------------+-----
Unarmed Combat | 3 4 5 6 8 10 11 12 13 | 13.6
Stealth        | 1 2 |  2.0
Fighting       | 2 3 5 6 |  6.0
Dodging        | 3 |  3.0
Armour         | 1 3 |  3.2
Evocations     | 1 3 4 |  4.0
Air Magic      | 3 |  3.3
Spellcasting   | 2 4 5 |  5.5
Poison Magic   | 3 4 6 |  6.0
Transmutations | 4 5 |  5.0
Fire Magic     | 4 6 |  6.0
Conjurations   | 3 5 |  5.3
Throwing       | |  1.7

Action                   |  1- 3 |  4- 6 |  7- 9 | 10-12 || total
-------------------------+-------+-------+-------+-------++-------
Melee: Unarmed           |   190 |   412 |   397 |   715 ||  1714
       Punch             |    10 |    14 |    27 |    87 ||   138
Throw: Dart              |       |    31 |    26 |    29 ||    86
       Throwing net      |       |     3 |     2 |       ||     5
       Boomerang         |       |       |       |     1 ||     1
 Cast: Poisonous Vapours |       |       |       |   106 ||   106
       Ignite Poison     |       |       |       |    49 ||    49
       Magic Dart        |       |       |       |     6 ||     6
       Sticky Flame      |       |       |       |    16 ||    16
       Olgreb's Toxic Ra |       |       |       |     3 ||     3
Evoke: Wand              |       |       |       |    10 ||    10
       Condenser vane    |       |       |       |     1 ||     1
  Use: Scroll            |     2 |    10 |     4 |     2 ||    18
       Potion            |       |     1 |     1 |     7 ||     9
 Stab: Sleeping          |     1 |     1 |     1 |     3 ||     6
       Distracted        |       |     1 |       |       ||     1
Armor: Leather armour    |    44 |       |       |       ||    44
       Ring mail         |    12 |   130 |   188 |    39 ||   369
       Plate armour      |       |       |       |   159 ||   159
       Robe              |       |       |       |   189 ||   189
Dodge: Dodged            |   142 |   241 |   210 |   423 ||  1016
